 Dungeon Crawl Stone Soup version 0.21.1-1-g345015f (webtiles) character file.

604 Iko the Skirmisher (level 7, -5/105 HPs)
             Began as a Troll Chaos Knight on June 14, 2018.
             Was an Initiate of the Shining One.
             Slain by a two-headed ogre
             ... wielding a +0 giant spiked club
              (8 damage)
             ... on level 9 of the Dungeon.
             The game lasted 00:10:09 (1114 turns).

Iko the Skirmisher (Troll Chaos Knight)             Turns: 1114, Time: 00:10:09

Health: -5/105     AC: 23    Str: 21    XL:     7   Next: 18%
Magic:  6/6        EV:  1    Int:  8    God:    the Shining One [......]
Gold:   82         SH:  0    Dex:  9    Spells: 6/6 levels left

rFire    + . .     SeeInvis .   f - +6 spear
rCold    + . .     Gourm    +   (no shield)
rNeg     + + +     Faith    .   (armour currently unavailable)
rPois    +         Spirit   .   (helmet currently unavailable)
rElec    +         Reflect  .   (cloak currently unavailable)
rCorr    +         Harm     .   (gloves unavailable)
MR       .....     NoTele   +   (boots unavailable)
Stlth    +.........             (no amulet)
HPRegen  0.67/turn              (no ring)
MPRegen  0.10/turn              (no ring)

@: tree-form (expiring), resistant, glowing
A: large, unfitting armour, dopey 1, fast metabolism 3, gourmand, regeneration 1
a: Renounce Religion


You were on level 9 of the Dungeon.
You worshipped the Shining One.
The Shining One was noncommittal.
You were not hungry.
You were a tree.
You visited 1 branch of the dungeon, and saw 8 of its levels.

You collected 82 gold pieces.

Inventory:

Hand Weapons
 f - a +6 spear (weapon)
Armour
 b - a +2 robe (melded)
Scrolls
 e - a scroll of blinking
 g - a scroll of fear
Potions
 d - a potion of lignification
Books
 a - a book of Cantrips

   Spells                             Type                      Level
   a - Confusing Touch                Hexes                        1
   b - Animate Skeleton               Necromancy                   1
   c - Summon Small Mammal            Summoning                    1
   d - Apportation                    Translocation                1
Comestibles
 c - 2 rations


   Skills:
 + Level 4.2 Fighting
   Level 4.1(4.3) Axes
 + Level 1.4(3.0) Polearms
 + Level 3.7 Dodging
 + Level 1.1 Stealth


You had 6 spell levels left.
You didn't know any spells.

Dungeon Overview and Level Annotations

Branches:
Dungeon (7/15)
 Temple: D:4-7

Altars:
The Shining One


Innate Abilities, Weirdness & Mutations

You are too large for most types of armour.
((You have claws for hands.))
Your metabolism is lightning-fast.
You like to eat raw meat.
Your natural rate of healing is unusually fast.
((You are covered in fur. (AC +1)))
((You have very tough skin. (AC +2)))
You are dopey. (Int -2)


Message History

The centaur hits you but does no damage.
The two-headed ogre hits you with a giant spiked club!!
* * * LOW HITPOINT WARNING * * *
The two-headed ogre hits you with a giant club.
The Shining One protects you from harm!
You barely miss the centaur.
The centaur is almost dead.
The centaur hits you but does no damage. x2
The two-headed ogre hits you but does no damage.
The two-headed ogre hits you with a giant club.
* * * LOW HITPOINT WARNING * * *
You puncture the centaur!
You kill the centaur!
The two-headed ogre hits you but does no damage. x2
You barely miss the two-headed ogre.
The two-headed ogre is moderately wounded.
You hit the two-headed ogre.
The two-headed ogre is moderately wounded.
The two-headed ogre hits you with a giant spiked club!
You die...

...........
...........
..........
#.........
#....... ..
#.(..# ... #.(.#
...#####.(.#
.........♣.##
........O).[###
................
.................
.................
................#
...............##
.###..........##
##.....)..##


You could see a two-headed ogre.

Vanquished Creatures
  A black bear (D:7)
  A centaur (D:9)
  3 ogres
  A bullfrog zombie (D:5)
  A centaur skeleton (D:5)
  Jessica (D:3)
  Terence (D:3)
  A worker ant (D:5)
  An adder (D:5)
  2 oozes
  3 worms
  5 orcs
  A giant cockroach (D:5)
  2 hobgoblins (D:2)
  A quokka (D:3)
  A ball python (D:4)
  A bat (D:1)
  A frilled lizard (D:1)
  3 goblins
  3 kobolds (D:1)
  3 rats (D:3)
37 creatures vanquished.

Notes
Turn   | Place    | Note
-------+----------+-------------------------------------------
     0 | D:1      | Iko the Troll Chaos Knight began the quest for the Orb.
     0 | D:1      | Reached XP level 1. HP: 22/22 MP: 0/0
   100 | D:1      | Reached XP level 2. HP: 29/29 MP: 1/1
   397 | D:3      | Found a faded altar of an unknown god.
   414 | D:3      | Reached XP level 3. HP: 30/36 MP: 2/2
   420 | D:3      | Noticed Terence
   422 | D:3      | XOM: potion effect (heal wounds)
   428 | D:3      | Killed Terence
   438 | D:3      | Noticed Jessica
   440 | D:3      | XOM: confusion
   448 | D:3      | Killed Jessica
   448 | D:3      | Reached XP level 4. HP: 29/45 MP: 3/3
   531 | D:4      | Got a jewelled chain mail
   593 | D:5      | Entered Level 5 of the Dungeon
   625 | D:5      | Reached XP level 5. HP: 29/53 MP: 4/4
   735 | D:5      | Noticed an ogre
   741 | D:5      | Killed an ogre
   788 | D:5      | XOM: severe Chrm miscast
   791 | D:5      | Found a glowing golden altar of the Shining One.
   794 | D:5      | Gained mutation: You are dopey. (Int -2) [mutagenic glow]
   810 | D:5      | Fell from the grace of Xom
   810 | D:5      | Became a worshipper of the Shining One
   996 | D:5      | Reached XP level 6. HP: 56/61 MP: 5/5
  1047 | D:6      | Reached skill level 1 in Stealth
  1066 | D:7      | Reached skill level 1 in Polearms
  1066 | D:7      | Reached XP level 7. HP: 51/70 MP: 6/6
  1089 | D:7      | You fall through a shaft for 2 floors!
  1089 | D:9      | Noticed a two-headed ogre
  1110 | D:9      | HP: 3/105 [two-headed ogre/giant spiked club (19)]
  1110 | D:9      | The Shining One protects you from harm!
  1111 | D:9      | HP: 1/105 [two-headed ogre/giant spiked club (2)]
  1114 | D:9      | Slain by a two-headed ogre

Skill      XL: |  1  2  3  4  5  6 |
---------------+-------------------+-----
Dodging        | 2 3 |  3.7
Axes           | 3 4 |  4.1
Fighting       | 3 4 |  4.2
Stealth        | 1 |  1.1
Polearms       | 1 |  1.4

Action                   |  1- 3 |  4- 6 |  7- 9 || total
-------------------------+-------+-------+-------++-------
Melee: Hand axe          |    66 |    51 |       ||   117
       Spear             |       |    28 |    14 ||    42
  Use: Potion            |     2 |     1 |     2 ||     5
       Scroll            |     2 |     3 |       ||     5
 Stab: Paralysed         |     1 |       |       ||     1
  Eat: Ration            |     1 |     1 |     1 ||     3
Armor: Robe              |    30 |    25 |       ||    55
       Skin              |       |       |    25 ||    25
Dodge: Dodged            |    30 |    31 |     3 ||    64
